Map: Port Aleksander LE

Players

Awers

  • Race: Terran Terran
  • Spawn Location: 5:00

HolyHit - Winner!

  • Race: Protoss Protoss
  • Spawn Location: 11:00

Event: 2019 WCS Spring

VOD

Have the link to the VOD?

Description

Time

  • Played on: May 17, 2019, 6:46 a.m.
  • Length: 9:45

All games in this series

Show
View Real Time Build Order
Export as new Build Order

Awers Terran 

Build Orders:  

Get SALT Encoding   

  12  0:01  SCV  
  13  0:13  SCV  
  14  0:19  Supply Depot  
  14  0:25  SCV  
  15  0:41  SCV, Barracks  
  16  0:49  Refinery  
  16  0:53  SCV  
  17  0:58  Refinery  
  17  1:05  SCV  
  18  1:17  SCV  
  19  1:29  Orbital Command, Marine  
  20  1:45  Factory  
  20  1:48  Barracks Tech Lab  
  20  1:49  Reaper  
  21  1:57  Bunker  
  21  2:00  SCV  
  22  2:14  SCV  
  22  2:18  Supply Depot  
  22  2:21  Reaper  
  23  2:40  SCV  
  23  2:42  Factory Tech Lab  
  23  2:52  SCV  
  23  2:55  Command Center  
  24  3:02  Cyclone  
  27  3:06  SCV  
  28  3:13  Supply Depot  
  27  3:24  SCV  
  28  3:30  Mag-Field Accelerator  
  28  3:39  Cyclone  
  31  3:46  SCV  
  32  3:51  Factory  
  32  4:00  SCV  
  32  4:02  Factory  
  32  4:13  Cyclone  
  32  4:14  SCV  
  36  4:26  SCV, Orbital Command  
  37  4:36  Factory Tech Lab  
  37  4:39  SCV  
  38  4:47  Factory Tech Lab  
  38  4:48  Cyclone  
  38  4:51  SCV x2  
  43  4:54  Cyclone  
  43  4:58  Supply Depot  
  46  5:03  SCV  
  46  5:04  SCV  
  46  5:05  Refinery  
  48  5:07  Cyclone  
  51  5:15  SCV  
  51  5:16  Refinery  
  52  5:21  SCV  
  52  5:22  Factory  
  52  5:26  Widow Mine  
  55  5:29  SCV  
  55  5:31  Supply Depot  
  56  5:36  Cyclone  
  56  5:37  SCV  
  56  5:41  SCV  
  61  5:49  SCV  
  62  5:53  Cyclone  
  62  5:54  Supply Depot  
  62  5:55  Supply Depot  
  56  6:03  Cyclone  
  56  6:08  Cyclone  
  56  6:09  Widow Mine  
  58  6:14  SCV  
  58  6:15  SCV  
  58  6:26  SCV  
  56  6:38  Cyclone  
  56  6:39  Widow Mine  
  56  6:45  Cyclone, Widow Mine  
  56  6:46  SCV  
  57  6:50  SCV  
  58  6:58  SCV  
  59  7:03  SCV  
  59  7:06  Factory Reactor  
  60  7:10  Armory, SCV  
  60  7:11  Cyclone  
  65  7:18  Cyclone  
  65  7:21  Supply Depot  
  67  7:23  Cyclone  
  69  7:30  Supply Depot  
  69  7:38  Supply Depot  
  69  7:43  Cyclone  
  72  7:48  Widow Mine x2  
  76  7:51  Cyclone  
  76  7:56  Command Center  
  79  8:00  Drilling Claws  
  79  8:03  Widow Mine  
  81  8:17  Cyclone  
  81  8:18  Widow Mine x2  
  88  8:25  SCV x2  
  90  8:31  Cyclone  
  91  8:37  SCV x2, Supply Depot x2  
  91  8:38  Supply Depot  
  91  8:40  Widow Mine x2  
  97  8:49  SCV x2  
  99  8:57  Widow Mine x2  
  99  9:01  SCV  
  100  9:03  Cyclone  
  100  9:08  Widow Mine  
  102  9:14  Orbital Command, Widow Mine  
  88  9:37  Factory  
Show
View Real Time Build Order
Export as new Build Order

HolyHit Protoss - Winner!

Build Orders: Blink Stalkers 

Get SALT Encoding   

  12  0:00  Probe  
  13  0:13  Probe  
  14  0:18  Pylon  
  14  0:24  Probe  
  15  0:32  Probe  
  15  0:38  Gateway  
  15  0:40  Probe  
  16  0:47  Assimilator  
  17  0:51  Probe  
  18  1:03  Probe  
  19  1:15  Probe  
  20  1:24  Pylon  
  20  1:27  Zealot  
  20  1:30  Cybernetics Core  
  22  1:34  Assimilator, Probe  
  23  2:00  Stalker  
  23  2:01  Nexus  
  22  2:15  Probe  
  24  2:19  Warp Gate  
  24  2:23  Probe  
  25  2:30  Stalker  
  25  2:31  Probe  
  28  2:44  Probe  
  28  2:51  Pylon  
  28  2:56  Probe  
  29  3:08  Probe  
  30  3:13  Twilight Council  
  28  3:20  Probe  
  28  3:23  Stalker  
  31  3:30  Probe  
  32  3:34  Probe  
  32  3:38  Probe  
  32  3:40  Blink  
  33  3:44  Probe  
  33  3:46  Probe  
  35  3:54  Probe  
  38  4:00  Probe  
  40  4:06  Gateway  
  38  4:10  Gateway  
  38  4:13  Probe  
  38  4:14  Probe, Robotics Facility  
  40  4:21  Probe  
  40  4:24  Probe  
  40  4:26  Stalker  
  40  4:29  Probe  
  44  4:33  Probe  
  46  4:40  Probe  
  46  4:44  Pylon  
  46  4:45  Probe  
  48  4:52  Stalker, Probe  
  51  4:58  Probe  
  52  5:01  Observer  
  52  5:02  Stalker  
  52  5:04  Stalker  
  57  5:12  Nexus  
  57  5:15  Observer  
  57  5:16  Stalker  
  57  5:20  Pylon  
  59  5:26  Stalker  
  62  5:30  Assimilator  
  62  5:38  Stalker, Pylon  
  62  5:39  Stalker  
  66  5:43  Probe  
  66  5:44  Probe  
  66  5:49  Stalker  
  70  5:56  Probe x2  
  62  6:03  Stalker x2  
  66  6:08  Probe  
  63  6:13  Stalker  
  65  6:22  Forge  
  65  6:24  Probe  
  65  6:25  Forge  
  66  6:26  Gateway  
  62  6:33  Probe  
  62  6:39  Charge  
  63  6:43  Observer  
  55  6:48  Probe  
  55  6:50  Gateway  
  55  6:52  Stalker x2, Gateway  
  55  6:53  Stalker  
  59  6:54  Probe  
  59  6:57  Probe  
  59  6:59  Gateway  
  59  7:00  Probe  
  61  7:08  Probe  
  62  7:10  Probe  
  62  7:12  Assimilator, Probe  
  62  7:13  Pylon  
  64  7:17  Stalker x2  
  64  7:20  Stalker, Protoss Ground Weapons Level 1, Probe  
  71  7:22  Probe  
  71  7:28  Probe  
  73  7:31  Warp Prism  
  73  7:33  Stalker  
  77  7:40  Stalker  
  77  7:43  Stalker  
  81  7:49  Stalker  
  83  7:52  Zealot x2  
  87  8:01  Observer, Zealot  
  87  8:03  Zealot  
  91  8:06  Zealot  
  91  8:07  Zealot  
  91  8:12  Nexus  
  95  8:15  Zealot  
  95  8:16  Zealot x2  
  101  8:20  Pylon  
  101  8:21  Pylon  
  101  8:32  Probe  
  101  8:35  Pylon  
  101  8:36  Pylon  
  101  8:37  Pylon  
  101  8:39  Assimilator  
  101  8:43  Stalker x3  
  101  8:44  Gateway  
  101  8:46  Gateway  
  101  9:01  Stalker  
  103  9:07  Zealot x3  
  103  9:08  Zealot x3  
  102  9:26  Zealot  
  102  9:28  Zealot x6  
  97  9:39  Stalker  
  97  9:43  Zealot  
Tags
 
Add a new tag
Caveats
  • Supply blocks, unpowered buildings, or Contaminate may cause inaccurate times.
  • Supply counts are checked every 10 seconds.